cohdb
Replays
Latest Replays
All Replays
Popular Replays
Top Player Replays
Match Explorer
How It Works
Community
CoH3 Stats
Reddit
Sign in to upload your games and track your stats! →
Sign in with Steam
Match 42691214
Unlisted
Match 42691214
Overview
Messages
Build Orders
End
Kettenkrad Recon Vehicle
Construct Infanterie Kompanie
Selects Terror Battlegroup
Selects Machine Gun Camouflage
MG 42 Machine Gun Team
Grenadier Squad
GrW 34 Mortar Team
Construct Luftwaffe Kompanie
MG 42 Bunker
Support Elements
Selects Contempt for the Weak
Wirbelwind Flakpanzer
Construct Panzergrenadier Kompanie
MG 42 Bunker
Nebelwerfer 42 Rocket Launcher Team
Wirbelwind Flakpanzer
Marder III M Tank Destroyer
Selects Propaganda Leaflet Drop
Guderian ITA
Fajolada
Marchino
Seven
hofmanv
PastaOnk3L
0
0
Comments
sign in to comment!
No comments posted yet!